 Dungeon Crawl Stone Soup version 0.30.1-9-gdf580d7c3d (webtiles) character file.

Game seed: 18073502686839487178

241085 Peloso the Hoplite (level 19, -6/173 (183) HPs)
             Began as a Minotaur Fighter on Oct 17, 2023.
             Was the Champion of Okawaru.
             Killed from afar by a deep elf annihilator (40 damage)
             ... with a bolt of lightning
             ... on level 3 of the Elven Halls.
             The game lasted 01:30:05 (30054 turns).

Peloso the Hoplite (Minotaur Fighter)              Turns: 30054, Time: 01:30:06

HP:   -6/173 (183)  AC: 42    Str: 19    XL:     19   Next: 39%
MP:   28/28         EV:  9    Int: 11    God:    Okawaru [******]
Gold: 2494          SH: 21    Dex: 30    Spells: 18/18 levels left

rFire   . . .        a - +8 long sword of Honesty {flame, MP+9 Int+3}
rCold   . . .        d - +1 kite shield {reflect}
rNeg    . . .        S - +8 orange crystal plate armour {Archmagi, Int+3 Clar}
rPois   +            T - +1 hat of Purpose {Dex+6}
rElec   .            y - +1 cloak {rPois}
rCorr   .            P - +0 pair of fencer's gloves {Riposte Dex+3}
SInv    .            G - +2 pair of boots of Eternal Vigilance {+Inv Will+ Dex+3}
Will    +++..        u - amulet of regeneration Stlth
                     o - ring of willpower
HPRegen 1.28/turn    l - +4 ring of slaying
MPRegen 0.21/turn

%: reflection, clarity, archmagi
@: studying Polearms, drained
A: horns 2, retaliatory headbutt, weak 1
a: Renounce Religion, Evoke Invisibility, Heroism, Finesse, Duel


You were on level 3 of the Elven Halls.
You worshipped Okawaru.
Okawaru was exalted by your worship.
You visited 7 branches of the dungeon, and saw 31 of its levels.
You also visited: Gauntlet and Ice Cave.

You collected 3803 gold pieces.
You spent 1309 gold pieces at shops.

Inventory:

Hand Weapons
 a - the +8 long sword of Honesty (weapon) {flame, MP+9 Int+3}
   (You found it in a Gauntlet)

   Int:       It affects your intelligence (+3).
   MP:        It affects your magic capacity (+9).
 b - the +2 long sword "Cuschish" {heavy, rCorr Str+4}
   (Okawaru gifted it to you on level 2 of the Orcish Mines)

   Str:       It affects your strength (+4).
   rCorr:     It protects you from acid and corrosion.
Armour
 d - a +1 kite shield of reflection (worn)
 p - a +3 chain mail of cold resistance
 y - a +1 cloak of poison resistance (worn)
 G - the +2 pair of boots of Eternal Vigilance (worn) {+Inv Will+ Dex+3}
   (You found it on level 8 of the Dungeon)

   Dex:       It affects your dexterity (+3).
   +Inv:      It lets you turn invisible.
   Will:      It increases your willpower.
 I - a +2 pair of boots of flying
 L - a +2 tower shield
 N - the +1 plate armour of Coer {Dex+3}
   (You bought it in a shop on level 10 of the Dungeon)

   Dex:       It affects your dexterity (+3).
 P - the +0 pair of fencer's gloves (worn) {Riposte Dex+3}
   (Okawaru gifted it to you on level 10 of the Dungeon)

   Riposte:   It allows the wearer to riposte with melee weapons, swiftly
   retaliating against missed or blocked melee attacks.
   Dex:       It affects your dexterity (+3).
 Q - a +0 tower shield of cold resistance
 S - the +8 orange crystal plate armour (worn) {Archmagi, Int+3 Clar}
   (You found it on level 1 of the Elven Halls)

   Int:       It affects your intelligence (+3).
   Clar:      It protects you from confusion, rage, mesmerisation and fear.
 T - the +1 hat of Purpose (worn) {Dex+6}
   (Okawaru gifted it to you on level 2 of the Orcish Mines)

   Dex:       It affects your dexterity (+6).
 W - the +8 chain mail of the Lion {rC+ Int+4 Dex+3 SInv}
   (You found it on level 2 of the Elven Halls)

   Int:       It affects your intelligence (+4).
   Dex:       It affects your dexterity (+3).
   rC:        It protects you from cold.
   SInv:      It lets you see invisible.
Jewellery
 g - a +5 ring of evasion
 l - a +4 ring of slaying (right hand)
 o - a ring of willpower (left hand)
 u - an amulet of regeneration (around neck)
 z - a ring of flight
 E - a ring of ice
 F - a ring of poison resistance
 J - the ring of Nuodeu {rElec rF++ rCorr Int-4 SInv}
   (You found it in a Gauntlet)

   [ring of see invisible]

   Int:       It affects your intelligence (-4).
   rF:        It greatly protects you from fire.
   rElec:     It insulates you from electricity.
   SInv:      It lets you see invisible.
   rCorr:     It protects you from acid and corrosion.
 M - a +6 ring of dexterity
Wands
 e - a wand of iceblast (18)
 k - a wand of paralysis (9)
 q - a wand of acid (5)
 B - a wand of flame (20)
 H - a wand of mindburst (11)
Scrolls
 i - 2 scrolls of amnesia
 j - 4 scrolls of immolation
 m - 12 scrolls of teleportation
 r - 3 scrolls of enchant armour
 t - 4 scrolls of fear
 w - 5 scrolls of blinking
 x - 2 scrolls of fog
 A - 7 scrolls of identify
 C - 8 scrolls of poison
 D - 8 scrolls of magic mapping
 O - a scroll of brand weapon
 R - a scroll of silence
Potions
 c - a potion of might
 f - 12 potions of curing
 h - 6 potions of invisibility
 n - 3 potions of resistance
 s - 7 potions of heal wounds
 v - 4 potions of flight
 K - a potion of cancellation
 U - 4 potions of haste
 V - a potion of ambrosia
 X - 2 potions of brilliance
 Z - a potion of berserk rage


   Skills:
 + Level 19.5 Fighting
 + Level 20.4 Long Blades
 + Level 17.1 Armour
 + Level 7.5 Dodging
 + Level 3.7 Stealth
 + Level 23.9 Shields
 + Level 2.3 Invocations
 + Level 1.6 Evocations


You had 18 spell levels left.
You didn't know any spells.
Your spell library contained the following spells:

 Spells                   Type           Power      Damage    Failure   Level
 Apportation              Tloc           0%         N/A       100%        1
 Kiss of Death            Conj/Necr      0%         2d5       100%        1
 Necrotise                Necr           0%         1d4       100%        1
 Sandblast                Erth           0%         2d4       100%        1
 Shock                    Conj/Air       0%         1d3       100%        1
 Slow                     Hex            0%         N/A       100%        1
 Cigotuvi's Dreadful Rot  Necr/Pois/Air  0%         N/A       100%        2
 Lesser Beckoning         Tloc           0%         N/A       100%        2
 Passwall                 Tmut/Erth      0%         N/A       100%        2
 Sublimation of Blood     Necr           0%         N/A       100%        2
 Wereblood                Tmut           0%         N/A       100%        2
 Confusing Touch          Hex            0%         N/A       100%        3
 Dazzling Flash           Conj/Hex       0%         N/A       100%        3
 Gell's Gravitas          Tloc           0%         N/A       100%        3
 Ignite Poison            Fire/Tmut/Pois 0%         N/A       100%        3
 Ozocubu's Armour         Ice            0%         N/A       100%        3
 Stone Arrow              Conj/Erth      0%         3d7       100%        3
 Swiftness                Air            0%         N/A       100%        3
 Teleport Other           Tloc           0%         N/A       100%        3
 Vampiric Draining        Necr           0%         2d6       100%        3
 Airstrike                Air            0%         2d(0-16)  100%        4
 Dispel Undead            Necr           0%         3d6       100%        4
 Leda's Liquefaction      Hex/Erth       0%         N/A       100%        4
 Manifold Assault         Tloc           0%         N/A       100%        4
 Sticky Flame             Conj/Fire      0%         2d3       100%        4
 Agony                    Necr           0%         N/A       100%        5
 Arcjolt                  Conj/Air       0%         1d10      100%        5
 Blade Hands              Tmut           0%         N/A       100%        5
 Irradiate                Conj/Tmut      0%         3d11      100%        5
 Lee's Rapid Deconstruct  Erth           0%         3d4*      100%        5
 Silence                  Hex/Air        0%         N/A       100%        5
 Dispersal                Tloc           0%         N/A       100%        6
 Statue Form              Tmut/Erth      0%         N/A       100%        6
 Dragon Form              Tmut           0%         N/A       100%        7
 Ozocubu's Refrigeration  Ice            0%         4d7       100%        7
 Disjunction              Tloc           0%         N/A       100%        8
 Ignition                 Fire           0%         3d3       100%        8
 Polar Vortex             Ice            0%         N/A       100%        9
 Summon Small Mammal      Summ           Unusable   N/A       N/A         1
 Summon Guardian Golem    Hex/Summ       Unusable   N/A       N/A         3
 Summon Lightning Spire   Summ/Air       Unusable   N/A       N/A         4
 Death Channel            Necr           Unusable   N/A       N/A         6
 Simulacrum               Ice/Necr       Unusable   N/A       N/A         6
 Malign Gateway           Summ/Tloc      Unusable   N/A       N/A         7
 Summon Hydra             Summ           Unusable   N/A       N/A         7

Dungeon Overview and Level Annotations

Branches:
Dungeon (15/15)            Temple (1/1) D:6            Lair (5/5) D:9
  Swamp (2/4) Lair:2        Snake (3/4) Lair:2        Slime (0/5) Lair:5
    Orc (2/2) D:12            Elf (3/3) Orc:2        Vaults (0/5) D:14
 Depths (0/4) D:15          IceCv (visited)         Gauntlet (visited)

Altars:
Ashenzari
Cheibriados
Dithmenos
Elyvilon
Fedhas
Gozag
Hepliaklqana
Makhleb
Nemelex Xobeh
Okawaru
Qazlal
Ru
Sif Muna
Uskayaw
Vehumet
Xom
Yredelemnul
Zin
The Shining One
Jiyva

Shops:
D:3 [   D:10 [   D:12 (   Orc:2 [*(=   Elf:1 *   Elf:3 [[

Annotations:
Lair:5 Casa
Elf:2 3 runed translucent doors
Elf:3 3 runed translucent doors, kalagan's ghost, adept DECj


Innate Abilities, Weirdness & Mutations

You have a pair of horns on your head.
You reflexively headbutt those who attack you in melee.
You are weak. (Str -2)


Message History

The deep elf high priest is no longer giving off an aura.
The deep elf archer seems less brilliant.
You block the deep elf annihilator's attack.
The deep elf demonologist mumbles some strange words.
The deep elf archer points at you and mumbles some strange words.
You resist with almost no effort.
The deep elf high priest hits you but does no damage.
You slice the deep elf high priest!! You burn the deep elf high priest.
You kill the deep elf high priest!
Okawaru accepts your kill.
The deep elf demonologist gestures at you while chanting.
You resist with almost no effort.
Unknown command.
You slash the deep elf demonologist! You burn the deep elf demonologist.
You headbutt the deep elf demonologist.
The deep elf demonologist is moderately wounded.
The Tzitzimitl gestures at you.
The bolt of negative energy hits the green death.
The green death completely resists.
The bolt of negative energy hits you!!
You feel drained.
* * * LOW HITPOINT WARNING * * *
You slash the deep elf demonologist! You burn the deep elf demonologist!
The deep elf demonologist is severely wounded.
The deep elf death mage beckons forth a restless soul!
The deep elf annihilator gestures wildly while chanting.
The deep elf annihilator blinks!
The deep elf demonologist casts a spell at you.
You resist with almost no effort.
The deep elf zephyrmancer mumbles some strange words.
The deep elf zephyrmancer blinks!
You block the green death's attack.
The deep elf archer casts a spell.
The deep elf archer blinks!
You closely miss the deep elf demonologist.
The deep elf demonologist is severely wounded.
You block the deep elf death mage's attack.
The deep elf annihilator casts a spell at you.
The bolt of lightning hits you!
* * * LOW HITPOINT WARNING * * *
The bolt of lightning hits you!!!
You die...

## ##.##.# ##.#.#.##.......# .##
##.##.# ##.###..##.).....#
..###.##.######.#####.##....<.##
..##E..........###.....)#######
..........)...○........)##
..............##4......#.##
.............)(3.§.....##)##
.....#####.###e#e21..e.###.##
..............3e@.)....# ##.##
..######.#####.#§*....e# ##.#
..... ..# ###.....e.# #.#
..####.# ##.....## #.# #.# #.#
##....# #.#### .#. .# ####.#
#)##.# . #. #######.######.#...
. .. ...................
#######.######.#...


You could see a Tzitzimitl (summoned), a green death (summoned), a deep elf
annihilator (empowered), a deep elf death mage (empowered), a deep elf
demonologist (empowered), 2 deep elf archers, a rust devil (summoned), a deep
elf zephyrmancer (empowered), a smoke demon (summoned), a neqoxec (summoned) and
a lost soul (summoned).

Vanquished Creatures
  Jorgrun (Elf:1)
  An Ice Fiend (IceCv)
  A tentacled monstrosity (Swamp:2)
  Asterion (Elf:3)
  A deep elf blademaster (Elf:3)
  Frances (D:13)
  Roxanne (Swamp:1)
  4 deep elf sorcerers (Elf:3)
  Louise (Swamp:1)
  2 orc warlords
  3 ghouls (Swamp:1)
  2 deep elf elementalists (Elf:3)
  2 deep elf demonologists
  3 deep elf annihilators (Elf:3)
  2 eleionomae
  4 bunyips (Swamp:2)
  A minotaur (Gauntlet)
  A dire elephant (Lair:5)
  Snorg (D:11)
  2 fire dragons
  2 deep elf death magi (Elf:3)
  3 vault guards (D:14)
  A caustic shrike simulacrum (IceCv)
  2 deep elf high priests
  6 hydras
  3 catoblepae
  2 ogre magi
  Erica (D:8)
  2 centaur warriors
  10 two-headed ogres
  5 alligators (Swamp:1)
  10 anacondas
  A tengu warrior (D:15)
  8 boulder beetles
  12 death yaks
  A vampire mage (D:15)
  16 dancing weapons
  6 orc high priests
  2 shock serpents
  6 naga warriors
  A soul eater (D:10)
  7 deep elf knights
  8 naga sharpshooters
  A fire crab (shapeshifter) (Elf:3)
  A skyshark (Lair:2)
  Amaemon (Lair:1)
  A salamander mystic (Snake:3)
  23 skeletal warriors
  2 goliath frogs (Swamp:2)
  2 swamp dragons
  A tengu zombie (D:15)
  8 bog bodies
  8 naga ritualists
  10 spriggan simulacra (IceCv)
  A wizard (D:14)
  An obsidian statue (IceCv)
  8 orc knights
  3 deep elf archers
  12 deep elf pyromancers
  21 deep elf zephyrmancers
  4 ugly things
  2 necromancers
  3 orc sorcerers (Orc:2)
  11 mana vipers
  7 salamanders
  2 will-o-the-wisps (Swamp:1)
  14 elephants
  A manticore (D:10)
  4 cyclopes
  An iron dragon skeleton (D:15)
  A frost giant skeleton (D:15)
  An eye of devastation (shapeshifter) (D:14)
  2 guardian serpents
  51 black mambas
  A smoke demon (Gauntlet)
  11 naga magi
  Maggie (D:7)
  10 spectral spriggans (Swamp:1)
  A torpor snail (Lair:5)
  An orange demon (Lair:1)
  5 gargoyles
  13 cane toads
  2 unseen horrors (D:12)
  An anaconda simulacrum (IceCv)
  7 ice devils (IceCv)
  A rime drake (Lair:4)
  9 komodo dragons
  A tengu conjurer (D:15)
  7 freezing wraiths
  A guardian mummy (D:15)
  A red devil (D:9)
  A golden dragon simulacrum (IceCv)
  9 polar bears (Lair:5)
  8 trolls
  5 tyrant leeches
  4 hornets
  6 blink frogs
  4 raiju (Lair:5)
  5 flying skulls (Gauntlet)
  4 slime creatures
  8 spriggans
  A culicivora (shapeshifter) (D:13)
  2 water elementals
  A dire elephant simulacrum (IceCv)
  4 air elementals
  34 yaks
  9 wyverns
  3 fire elementals
  3 wraiths
  A vampire (D:10)
  13 basilisks
  8 steam dragons
  A chaos spawn (D:10)
  8 vampire mosquitoes
  15 wargs
  8 minotaur simulacra (IceCv)
  2 harpy simulacra (IceCv)
  27 nagas
  11 swamp worms
  8 acid dragons
  A glowing shapeshifter zombie (D:15)
  15 water moccasins
  58 orc warriors
  12 black bears
  2 floating eyes (shapeshifter)
  11 hell hounds (Lair:5)
  2 ice beasts
  A sky beast (D:7)
  4 swamp drakes
  An ettin simulacrum (IceCv)
  3 alligator simulacra (IceCv)
  21 wolves
  15 centaurs
  10 ogres
  3 kobold brigands
  3 necrophages (D:5)
  11 deep troll simulacra (IceCv)
  6 gnoll sergeants
  15 bullfrogs
  A scorpion (D:6)
  2 earth elementals (Elf:2)
  A hornet simulacrum (D:14)
  9 wights
  5 killer bees (D:6)
  4 electric eels
  7 howler monkeys
  2 quasits (D:10)
  4 crimson imps (Gauntlet)
  A human zombie (D:5)
  2 bullfrog zombies (D:5)
  12 jellies
  Crazy Yiuf (D:7)
  5 gnoll boudas
  7 hounds
  30 orc priests
  6 iguanas
  40 orc wizards
  A scorpion zombie (D:5)
  6 hell rats (Lair:5)
  3 hound zombies (D:5)
  A mummy (D:5)
  33 gnolls
  10 adders
  2 shadow imps (D:6)
  A white imp (D:5)
  An ufetubus (D:5)
  2 dart slugs (D:4)
  101 orcs
  5 ball pythons
  2 bats
  11 endoplasms
  3 giant cockroaches
  5 goblins
  15 hobgoblins
  10 kobolds
  6 quokkas
  7 frilled lizards
  A rat (D:2)
  A spectral weapon (Elf:3)
1204 creatures vanquished.

Vanquished Creatures (others)
  A deep elf knight (Elf:3)
  A bog body (Swamp:1)
  A black mamba (Snake:3)
  2 bloated husks (Swamp:1)
  5 orcs
  10 foxfires (Swamp:1)
20 creatures vanquished.

Grand Total: 1224 creatures vanquished

Notes
Turn   | Place    | Note
-------+----------+-------------------------------------------
     0 | D:1      | Peloso the Minotaur Fighter began the quest for the Orb.
     0 | D:1      | Reached XP level 1. HP: 19/19 MP: 0/0
   133 | D:1      | Reached XP level 2. HP: 27/27 MP: 1/1
   260 | D:1      | Reached skill level 4 in Shields
   665 | D:1      | You fall into a shaft and drop 1 floor!
   764 | D:2      | Reached XP level 3. HP: 33/33 MP: 2/2
  1226 | D:2      | Reached XP level 4. HP: 41/41 MP: 3/3
  1328 | D:3      | Found Pumad's Antique Armour Shoppe.
  1703 | D:3      | Reached XP level 5. HP: 23/44 MP: 1/4
  2236 | D:4      | Identified the +7 sling of Freezing Judgement {heavy, rN+
                  | Will+}
  2445 | D:4      | Noticed an ogre
  2455 | D:4      | Killed an ogre
  2456 | D:4      | Reached skill level 5 in Fighting
  2456 | D:4      | Reached skill level 5 in Long Blades
  2456 | D:4      | Reached XP level 6. HP: 15/56 MP: 1/5
  2793 | D:4      | Reached skill level 5 in Armour
  2918 | D:4      | Reached skill level 5 in Shields
  3311 | D:5      | Entered Level 5 of the Dungeon
  3337 | D:5      | Reached skill level 1 in Dodging
  3351 | D:5      | Noticed an ice beast
  3385 | D:5      | Killed an ice beast
  3386 | D:5      | Reached XP level 7. HP: 52/61 MP: 6/6
  3650 | D:5      | Identified the ring of Kisinuvy {rN+ Str+3}
  4116 | D:5      | Reached XP level 8. HP: 70/70 MP: 7/7
  4170 | D:5      | Found a basalt altar of Yredelemnul.
  4257 | D:6      | Reached skill level 6 in Shields
  4852 | D:6      | Found a glowing silver altar of Zin.
  5051 | D:6      | Reached XP level 9. HP: 76/78 MP: 8/8
  5083 | D:6      | Found a staircase to the Ecumenical Temple.
  5089 | Temple   | Entered the Ecumenical Temple
  5140 | Temple   | Became a worshipper of Warmaster Okawaru
  5426 | D:6      | Reached * piety under Okawaru
  5487 | D:7      | Reached skill level 7 in Shields
  5495 | D:7      | Noticed Maggie
  5522 | D:7      | Killed Maggie
  5523 | D:7      | Reached skill level 10 in Long Blades
  5748 | D:7      | Found a runed translucent door.
  5749 | D:7      | Noticed Crazy Yiuf
  5879 | D:7      | Reached skill level 8 in Shields
  5983 | D:7      | Reached ** piety under Okawaru
  6380 | D:7      | Killed Crazy Yiuf
  6381 | D:7      | Reached XP level 10. HP: 88/88 MP: 9/9
  6411 | D:8      | Noticed Erica
  6437 | D:8      | Killed Erica
  6677 | D:8      | Found a viscous altar of Jiyva.
  6747 | D:8      | Reached *** piety under Okawaru
  6853 | D:8      | Identified the +2 pair of boots of Eternal Vigilance {+Inv
                  | Will+ Dex+3}
  7068 | D:8      | Found a radiant altar of Vehumet.
  7105 | D:8      | Identified the +3 mace "Peloso's Regret" {freeze, rPois}
  7359 | D:9      | Reached skill level 9 in Shields
  7366 | D:9      | Reached skill level 1 in Stealth
  7405 | D:9      | Reached skill level 10 in Armour
  7586 | D:9      | Found a staircase to the Lair.
  7633 | D:9      | Found a burning altar of Makhleb.
  7634 | D:9      | Found a sacrificial altar of Ru.
  7708 | D:9      | Found a blossoming altar of Fedhas.
  7804 | D:9      | Reached **** piety under Okawaru
  7816 | D:9      | Noticed a two-headed ogre
  7824 | D:9      | Killed a two-headed ogre
  7825 | D:9      | Reached skill level 10 in Shields
  8104 | D:9      | Reached XP level 11. HP: 86/97 MP: 10/10
  8322 | D:10     | Entered Level 10 of the Dungeon
  8387 | D:10     | Noticed a skeletal warrior
  8420 | D:10     | Killed a skeletal warrior
  8420 | D:10     | Reached ***** piety under Okawaru
  8502 | D:10     | Noticed a boulder beetle
  8526 | D:10     | Killed a boulder beetle
  8673 | D:10     | Found a shimmering blue altar of Sif Muna.
  8674 | D:10     | Found a shimmering altar of Xom.
  8675 | D:10     | Found a hide-covered altar of Uskayaw.
  8675 | D:10     | Found a hazy altar of Hepliaklqana.
  8719 | D:10     | Noticed a two-headed ogre
  8730 | D:10     | Reached skill level 1 in Evocations
  8742 | D:10     | Killed a two-headed ogre
  8747 | D:10     | Noticed a two-headed ogre
  8761 | D:10     | Killed a two-headed ogre
  8834 | D:10     | Reached skill level 1 in Invocations
  8839 | D:10     | Noticed a soul eater
  8849 | D:10     | Noticed a boulder beetle
  8850 | D:10     | Noticed a brown ugly thing
  8852 | D:10     | Noticed a catoblepas
  8861 | D:10     | Killed a soul eater
  8861 | D:10     | Received a gift from Okawaru
  8862 | D:10     | Reached skill level 10 in Fighting
  8862 | D:10     | Reached skill level 11 in Shields
  8868 | D:10     | Killed a brown ugly thing
  8873 | D:10     | Killed a catoblepas
  8888 | D:10     | Found a snail-covered altar of Cheibriados.
  8915 | D:10     | Found Kopp's Antique Armour Emporium.
  8990 | D:10     | Bought a faintly humming plate armour for 812 gold pieces
  8990 | D:10     | Identified the +1 plate armour of Coer {Dex+3} (You bought
                  | it in a shop on level 10 of the Dungeon)
  9040 | D:10     | Reached XP level 12. HP: 102/105 MP: 11/11
  9060 | D:10     | Identified the +1 lajatang "Baikas" {freeze, rC+ Str+6}
  9060 | D:10     | Identified the amulet of Circularity {RegenMP Drain rCorr
                  | MP+9}
  9066 | D:10     | Killed a boulder beetle
  9066 | D:10     | Received a gift from Okawaru
  9066 | D:10     | Found the +0 pair of fencer's gloves {Riposte Dex+3}
  9134 | D:10     | Got the Verses on the Doomed Welkin
  9164 | D:10     | Noticed a two-headed ogre
  9167 | D:10     | Killed a two-headed ogre
  9734 | D:11     | Reached skill level 12 in Shields
  9734 | D:11     | Noticed a two-headed ogre
  9738 | D:11     | Killed a two-headed ogre
  9809 | D:11     | Identified the +9 short sword "Ysut" {antimagic, rN++}
  9812 | D:11     | Noticed a two-headed ogre
  9819 | D:11     | Killed a two-headed ogre
  9819 | D:11     | Reached ****** piety under Okawaru
  9875 | D:11     | Reached skill level 15 in Long Blades
  9964 | D:11     | Reached skill level 13 in Shields
  9984 | D:11     | Identified the +1 chain mail of Space {rPois rC+ Int-2
                  | Slay+5} (Okawaru gifted it to you on level 11 of the
                  | Dungeon)
  9984 | D:11     | Received a gift from Okawaru
 10112 | D:11     | Noticed Snorg
 10123 | D:11     | Killed Snorg
 10325 | Lair:1   | Entered Level 1 of the Lair of Beasts
 10475 | Lair:1   | Noticed a boulder beetle
 10485 | Lair:1   | Killed a boulder beetle
 10496 | Lair:1   | Noticed a boulder beetle
 10498 | Lair:1   | Noticed Amaemon
 10523 | Lair:1   | Reached XP level 13. HP: 106/117 MP: 10/13
 10538 | Lair:1   | Killed Amaemon
 11301 | Lair:2   | Found a gate leading to a gauntlet.
 11308 | Gauntlet | Entered a Gauntlet
 11308 | Gauntlet | Found a transporter.
 11308 | Gauntlet | Found a transporter.
 11319 | Gauntlet | Found a transporter.
 11320 | Gauntlet | Found a transporter.
 11324 | Gauntlet | Found a runed translucent door.
 11324 | Gauntlet | Found a runed translucent door.
 11332 | Gauntlet | Found a transporter.
 11336 | Gauntlet | Found a transporter.
 11339 | Gauntlet | Noticed a blizzard demon
 11340 | Gauntlet | Found a runed translucent door.
 11342 | Gauntlet | Found a runed translucent door.
 11349 | Gauntlet | Found a transporter.
 11364 | Gauntlet | Found a runed translucent gate.
 11365 | Gauntlet | Found a transporter.
 11365 | Gauntlet | Found a runed translucent gate.
 11366 | Gauntlet | Found a runed translucent gate.
 11369 | Gauntlet | Found a transporter.
 11389 | Gauntlet | Found a transporter.
 11401 | Gauntlet | Found a transporter.
 11405 | Gauntlet | Found a transporter.
 11514 | Gauntlet | Identified the +8 long sword of Honesty {flame, MP+9 Int+3}
 11627 | Gauntlet | Identified the ring of Nuodeu {rElec rF++ rCorr Int-4 SInv}
 11634 | Gauntlet | Reached skill level 14 in Shields
 11720 | Gauntlet | Identified the +8 battleaxe "Ceemnid" {spect, rN+ Stlth+}
 11720 | Gauntlet | Identified the +8 chain mail of Fedhas's Supremacy {rCorr
                  | Int+3}
 11720 | Gauntlet | Noticed a minotaur
 11732 | Gauntlet | Killed a minotaur
 11738 | Gauntlet | Identified the +7 mace "Cumnisie" {flame, rPois rF- Will++}
 11942 | Lair:2   | Found a staircase to the Snake Pit.
 12066 | Lair:2   | Received a gift from Okawaru
 12193 | Lair:2   | Found a burning altar of Makhleb.
 12376 | Lair:2   | Found a staircase to the Swamp.
 12480 | Lair:2   | Reached skill level 5 in Dodging
 12578 | Lair:2   | Reached skill level 15 in Shields
 12683 | Lair:3   | Reached XP level 14. HP: 129/129 MP: 14/14
 12958 | Lair:3   | Got Sif Muna's Atlas of Shivering Accompaniment
 13156 | Lair:3   | Identified the +1 robe of an ice cave {Rampage Will+
                  | Stlth+}
 13619 | D:12     | Found Odihen's Antique Weapon Shoppe.
 13832 | D:12     | Found a staircase to the Orcish Mines.
 14197 | Orc:1    | Entered Level 1 of the Orcish Mines
 14273 | Orc:2    | Entered Level 2 of the Orcish Mines
 14273 | Orc:2    | Noticed an orc warlord
 14278 | Orc:2    | Identified the +2 long sword "Cuschish" {heavy, rCorr
                  | Str+4} (Okawaru gifted it to you on level 2 of the Orcish
                  | Mines)
 14278 | Orc:2    | Received a gift from Okawaru
 14287 | Orc:2    | Killed an orc warlord
 14565 | Orc:2    | Found a staircase to the Elven Halls.
 14705 | Orc:2    | Noticed an orc warlord
 14780 | Orc:1    | Killed an orc warlord
 14781 | Orc:1    | Reached skill level 16 in Shields
 14867 | Orc:2    | Identified the +1 hat of Purpose {Dex+6} (Okawaru gifted it
                  | to you on level 2 of the Orcish Mines)
 14867 | Orc:2    | Received a gift from Okawaru
 15208 | Orc:2    | Found Sokungil's General Store.
 15209 | Orc:2    | Found Bunu's Jewellery Boutique.
 15211 | Orc:2    | Found Tangor's Antique Armour Shop.
 15211 | Orc:2    | Found Ihah's Antique Weapon Shop.
 15216 | Orc:2    | Bought a twisted cloak for 313 gold pieces
 15216 | Orc:2    | Identified the +5 cloak "Qeanuado" {Fly} (You bought it in
                  | a shop on level 2 of the Orcish Mines)
 16122 | D:13     | Reached skill level 17 in Shields
 16469 | D:13     | Reached XP level 15. HP: 138/139 MP: 15/15
 16852 | D:13     | Noticed Frances
 16862 | D:13     | Killed Frances
 17215 | Lair:4   | Reached skill level 15 in Fighting
 17242 | Lair:4   | Identified the +0 pair of boots "Ruloum" {Dex+4} (Okawaru
                  | gifted it to you on level 4 of the Lair of Beasts)
 17242 | Lair:4   | Received a gift from Okawaru
 18259 | Lair:5   | Entered Level 5 of the Lair of Beasts
 18474 | Lair:5   | Reached skill level 18 in Shields
 18474 | Lair:5   | Reached XP level 16. HP: 149/149 MP: 16/16
 18818 | Lair:5   | Found a viscous altar of Jiyva.
 18821 | Lair:5   | Found a staircase to the Slime Pits.
 20023 | D:14     | Received a gift from Okawaru
 20100 | D:14     | Reached skill level 19 in Shields
 20102 | D:14     | Reached skill level 15 in Armour
 20112 | D:14     | Found a gate to the Vaults.
 20417 | D:15     | Entered Level 15 of the Dungeon
 20646 | D:15     | Found a staircase to the Depths.
 20876 | D:15     | Reached XP level 17. HP: 146/159 MP: 17/17
 21028 | D:15     | Received a gift from Okawaru
 21658 | Swamp:1  | Entered Level 1 of the Swamp
 21742 | Swamp:1  | Noticed Roxanne
 21771 | Swamp:1  | Killed Roxanne
 22007 | Swamp:1  | Noticed Louise
 22016 | Swamp:1  | Killed Louise
 22726 | Swamp:1  | Reached skill level 20 in Shields
 23550 | Swamp:2  | Received a gift from Okawaru
 23745 | Swamp:2  | Identified the +10 flail "Rastroan" {pain, Int+4}
 23907 | Swamp:2  | Noticed a tentacled monstrosity
 23918 | Swamp:2  | Killed a tentacled monstrosity
 24250 | Snake:1  | Entered Level 1 of the Snake Pit
 24425 | Snake:1  | Reached skill level 21 in Shields
 24688 | Snake:2  | Received a gift from Okawaru
 24956 | Snake:2  | Reached XP level 18. HP: 157/171 MP: 18/18
 25036 | Snake:2  | Received a gift from Okawaru
 25407 | Snake:3  | Found a frozen archway.
 25416 | IceCv    | Entered an ice cave
 25420 | IceCv    | Received a gift from Okawaru
 25555 | IceCv    | Reached skill level 22 in Shields
 25959 | IceCv    | Noticed an Ice Fiend
 25981 | IceCv    | Killed an Ice Fiend
 26117 | IceCv    | Found the +6 arbalest "Damnation" {damnation}
 26446 | Snake:3  | Identified the +2 chain mail "Bomir" {Rampage Drain Will+}
                  | (Okawaru gifted it to you on level 3 of the Snake Pit)
 26446 | Snake:3  | Received a gift from Okawaru
 27613 | Elf:1    | Entered Level 1 of the Elven Halls
 27657 | Elf:1    | Noticed Jorgrun
 27664 | Elf:1    | Killed Jorgrun
 27813 | Elf:1    | Reached skill level 23 in Shields
 28026 | Elf:1    | Found Zamus's Assorted Antiques.
 28031 | Elf:1    | Bought 3 scrolls labelled LOCEHE LATOROCS for 69 gold
                  | pieces
 28039 | Elf:1    | Bought a potion of heal wounds for 115 gold pieces
 28085 | Elf:1    | Paralysed by an air elemental for 1 turns
 28383 | Elf:1    | Identified the staff of death "Vyhorul" {rF- rN+ Str-5
                  | Int+4 Dex+8}
 28648 | Elf:1    | Found the +8 orange crystal plate armour {Archmagi, Int+3
                  | Clar}
 28815 | Elf:2    | Received a gift from Okawaru
 28979 | Elf:2    | Reached XP level 19. HP: 128/182 MP: 19/19
 29098 | Elf:2    | Paralysed by an air elemental for 1 turns
 29208 | Elf:2    | Identified the +8 chain mail of the Lion {rC+ Int+4 Dex+3
                  | SInv}
 29253 | Elf:2    | Found a runed translucent gate.
 29254 | Elf:2    | Found a runed translucent gate.
 29254 | Elf:2    | Found a runed translucent gate.
 29398 | Elf:3    | Entered Level 3 of the Elven Halls
 29427 | Elf:3    | Paralysed by an air elemental for 1 turns
 29554 | Elf:3    | Found Otwiy's Antique Armour Shop.
 29605 | Elf:3    | Found Ekatothre's Armour Emporium.
 29655 | Elf:3    | Found a runed translucent gate.
 29655 | Elf:3    | Found a runed translucent gate.
 29656 | Elf:3    | Noticed kalagan's ghost (adept DECj)
 29660 | Elf:3    | Found a runed translucent gate.
 29697 | Elf:3    | Noticed Asterion
 29708 | Elf:3    | Killed Asterion
 29753 | Elf:3    | Received a gift from Okawaru
 30019 | Elf:2    | Received a gift from Okawaru
 30047 | Elf:3    | Gained mutation: You are weak. (Str -2) [a neqoxec]
 30051 | Elf:3    | Noticed a Tzitzimitl
 30054 | Elf:3    | Killed from afar by a deep elf annihilator

Illustrated notes

Levels and vault maps discovered:
D:1:      ebering_trefoil_twist, layout_basic
D:2:      kennysheep_six_static_rooms, layout_basic
D:3:      layout_basic, serial_shops, nicolae_shop_window_shopping,
          minmay_misc_feat_four_crosses
D:4:      layout_gridville, minmay_lizard_king
D:5:      layout_loops_cross, lemuel_mausoleum_altar_yredelemnul
D:6:      layout_loops_corners, lemuel_tele_altar,
          minmay_temple_entry_enclosed_plants
D:7:      kennysheep_housing_project, layout_cave_pools,
          uniq_crazy_yiuf_cottage, uniq_maggie
D:8:      layout_gridville, mainiacjoe_overflow_24_doors, eino_tiny_chamber,
          chequers_hall_statues_y, st_stairs_10, hellmonk_bongcloud_opening,
          jiyva_altar_1, uniq_erica
D:9:      layout_stronghold, fedhas_altar_2, nicolae_overflow_squiral,
          lair_entry_dummy, minmay_starry_boxes
D:10:     minmay_the_grid_octo_tiled_octocenter [minmay_the_grid_octo_shrine,
          minmay_the_grid_octo_horde, minmay_the_grid_octo_vomiting_pacman,
          minmay_the_grid_octo_77,
          minmay_the_grid_octo_prize_ultimate_mussel_roller,
          minmay_the_grid_square_5x5_six_small,
          minmay_the_grid_square_5x5_inner_z,
          minmay_the_grid_square_5x5_longway, minmay_the_grid_square_5x5_n],
          layout_loops_ring, mainiacjoe_overflow_concentric_impassable,
          serial_shops, kennysheep_mini_moat, serial_demonic, serial_demonic_e,
          serial_demonic_f, serial_demonic_g, serial_demonic_g,
          minmay_misc_feat_rugged, abandoned_shop,
          minmay_misc_feat_more_columns, st_stairs_1, nicolae_lava_and_water
D:11:     layout_rooms, uniq_snorg
D:12:     layout_loops_ring, orc_0_dummy, serial_shops, nicolae_square_shop,
          grunt_ministairs_3, st_stairs_4
D:13:     layout_grid_maze, uniq_frances
D:14:     layout_irregular_city, grunt_vaults_entry_fortified,
          minmay_misc_feat_encased
D:15:     gammafunk_depths_entry_grave, layout_cave_pods, dk_noncrumbling_3
Temple:   regret_index_temple_waves
Lair:1:   layout_gridlike, grunt_megastairs_3, serial_bayou_shore_a,
          lemuel_fruit_fields, infiniplex_staircase_pool, uniq_amaemon
Lair:2:   layout_roguey, skrybe_swamp_entry_bodies,
          minmay_snake_entry_six_corridors, basic_altar, gauntlet_entry_generic
Lair:3:   layout_loops_ring, grunt_megastairs_1
Lair:4:   layout_cave_pods, lemuel_fruit_tree
Lair:5:   hangedman_lair_caniforms_friends, layout_hall_layers,
          guppyfry_lair_end_dragon, nicolae_slime_entry_field_trip
Swamp:1:  nicolae_swamp_flooded_prison, layout_falls_marsh,
          nicolae_swamp_tree_designs, uniq_roxanne, uniq_louise
Swamp:2:  nicolae_swamp_secret_spriggan_hideout, layout_falls_marsh,
          serial_swamp_ruin, evilmike_swamp_ruin_house_1,
          hangedman_swamp_ruin_wall, evilmike_swamp_ruin_house_2
Snake:1:  layout_onion_interference
Snake:2:  layout_misc_corridors
Snake:3:  layout_layer_cave, portal_ice_cave_entry_pillars_2,
          nicolae_snake_biting_tails
Orc:1:    layout_caves
Orc:2:    st_orc_congregation, layout_caves, nooodl_orcs_dogs
Elf:1:    layout_geoelf_grid, serial_shops, shop, kennysheep_underground_church,
          grunt_megastairs_5, uniq_jorgrun
Elf:2:    nicolae_elf_blades_crystal_corner, layout_geoelf_octagon,
          nicolae_fountain_basement
Elf:3:    minmay_elf_hall_quartered_circle, layout_rooms, serial_shops,
          nicolae_shop_crystal, nicolae_shop_scrapyard, gammafunk_ghost_ooze,
          st_stairs_8, uniq_asterion

Skill      XL: |  1  2  3  4  5  6  7  8  9 10 11 12 13 14 15 16 17 18 19 |
---------------+----------------------------------------------------------+-----
Shields        | 4 5 6 8 10 11 13 15 17 18 19 21 23 | 23.9
Fighting       | 4 5 6 7 9 10 11 13 14 15 16 17 19 | 19.5
Long Blades    | 3 4 5 7 9 10 11 14 15 16 17 18 19 20 | 20.4
Armour         | 4 5 6 7 9 10 11 12 13 14 15 16 17 | 17.1
Dodging        | 1 2 3 4 5 6 7 |  7.5
Stealth        | 1 2 3 |  3.7
Evocations     | 1 |  1.6
Invocations    | 1 2 |  2.3

Action                     |  1- 3 |  4- 6 |  7- 9 | 10-12 | 13-15 | 16-18 | 19-21 || total
---------------------------+-------+-------+-------+-------+-------+-------+-------++-------
  Melee: Long sword        |    89 |   158 |   389 |    12 |   634 |  1004 |   146 ||  2432
         Headbutt          |    16 |    18 |    73 |   148 |   241 |   414 |    59 ||   969
         Scimitar          |       |       |       |   519 |    65 |       |       ||   584
   Fire: Sling             |       |       |     2 |       |       |       |       ||     2
 Invoke: Heroism           |       |       |     1 |    12 |     5 |     2 |       ||    20
  Evoke: Wand              |       |       |       |     3 |     3 |       |       ||     6
         Lightning rod     |       |       |       |     1 |       |       |       ||     1
    Use: Scroll            |     2 |     4 |     6 |     4 |    12 |     3 |       ||    31
         Potion            |       |       |     1 |     5 |     6 |     3 |       ||    15
   Stab: Petrified         |       |       |       |       |     2 |       |       ||     2
         Confused          |       |       |       |       |       |     1 |       ||     1
 Armour: Scale mail        |     2 |       |       |       |       |       |       ||     2
         Chain mail        |    56 |    86 |   213 |   147 |   265 |   121 |       ||   888
         Plate armour      |       |       |       |    39 |    40 |   172 |       ||   251
         Fire dragon scale |       |       |       |       |    13 |       |       ||    13
         Crystal plate arm |       |       |       |       |       |    20 |    56 ||    76
  Dodge: Dodged            |    29 |    62 |   145 |   149 |   243 |   324 |    32 ||   984
  Block: Buckler           |    26 |    50 |     6 |       |       |       |       ||    82
         Kite shield       |       |       |   233 |   326 |   622 |   523 |   114 ||  1818
         Tower shield      |       |       |       |       |       |   687 |       ||   687
         Reflection        |       |       |       |       |       |    10 |    15 ||    25
Riposte: Scimitar          |       |       |       |    40 |    16 |       |       ||    56
         Long sword        |       |       |       |       |   251 |   415 |    40 ||   706
